 Dungeon Crawl Stone Soup version 0.26.1-11-gd32895ea62 (webtiles) character file.

Game seed: 10811932294968783083

445 Ijustatesigmund the Cudgeller (level 7, -12/50 HPs)
             Began as an Octopode Fighter on July 14, 2021.
             Mangled by an ogre
             ... wielding a +0 giant club
              (14 damage)
             ... on level 5 of the Dungeon.
             The game lasted 00:05:35 (3534 turns).

Ijustatesigmund the Cudgeller (Octopode Fighter)    Turns: 3534, Time: 00:05:35

Health: -12/50     AC:  1    Str: 15    XL:     7   Next: 3%
Magic:  7/7        EV: 12    Int: 11    God:
Gold:   186        SH:  8    Dex: 13    Spells: 6/6 levels left

rFire    . . .     SeeInvis .   a - +3 flail (freeze)
rCold    . . .     Faith    .   b - +0 kite shield
rNeg     . . .     Spirit   .   (helmet restricted)
rPois    .         Reflect  .   (no amulet)
rElec    .         Harm     .   j - ring of resist corrosion
rCorr    +         Rampage  .   (no ring)
Will     .....                  (no ring)
Stlth    ++........             (no ring)
HPRegen  0.16/turn              (no ring)
MPRegen  0.10/turn              (no ring)
                                (no ring)
                                (no ring)

@: no status effects
A: almost no armour, stealthy swim, amphibious, 8 rings, constrict 8, camouflage
1, gelatinous body 1
a: no special abilities


You were on level 5 of the Dungeon.
You visited 1 branch of the dungeon, and saw 5 of its levels.

You collected 186 gold pieces.

Inventory:

Hand Weapons
 a - a +3 flail of freezing (weapon)
 e - a +0 morningstar
Armour
 b - a +0 kite shield (worn)
Jewellery
 j - a ring of resist corrosion (left tentacle)
Scrolls
 g - 4 scrolls of teleportation
 k - a scroll of blinking
Potions
 c - a potion of might
 d - 2 potions of invisibility
 i - 3 potions of flight
 l - a potion of brilliance {unknown}


   Skills:
 + Level 5.0 Fighting
 * Level 6.1 Maces & Flails
 - Level 3.0 Dodging
 - Level 3.0 Shields


You had 6 spell levels left.
You didn't know any spells.
Your spell library was empty.

Dungeon Overview and Level Annotations

Branches:
Dungeon (5/15)
 Temple: D:4-7

Altars:
Ashenzari
Dithmenos
Fedhas
Kikubaaqudgha
Makhleb
Okawaru


Innate Abilities, Weirdness & Mutations

You cannot wear most types of armour.
You are very stealthy in the water. (Stealth+)
You are amphibious.
You can wear up to eight rings at the same time.
You can use your tentacles to constrict eight enemies at once.
Your skin changes colour to match your surroundings (Stealth+).
Your rubbery body absorbs attacks. (AC +1, EV +1)


Message History

You are too injured to fight recklessly!
You are too injured to fight recklessly!
You are too injured to fight recklessly!
Really quaff the potion of lignification?
You turn into a tree.
Your roots penetrate the ground.
The ogre hits you with a +0 giant club.
* * * LOW HITPOINT WARNING * * *
You sock the ogre! You freeze the ogre.
The ogre is severely wounded.
The ogre hits you with a +0 giant club!!
* * * LOW HITPOINT WARNING * * *
You barely miss the ogre.
The ogre is severely wounded.
You block the ogre's attack.
It was a potion of cancellation.
Your magical effects are unravelling.
You feel magically purged.
You feel less wooden. The ogre hits you with a +0 giant club!
You die...

#.##$######.#
##......#....#
#.........##.## #.
#..#......)# ...
#........#
#...##..##.##.#
...#.)#)##.# ...
.......).?#. ....
#......†@##.##.##..#
#####...O# # .# ..#
##.... #. #.....
#...### #..## #..
#..


You could see an ogre.

Vanquished Creatures
  A phantom (D:4)
  A howler monkey (D:4)
  A wight (D:5)
  A hound (D:4)
  An orc priest (D:3)
  An orc wizard (D:3)
  2 worker ants
  3 adders
  4 gnolls (D:5)
  An adder skeleton (D:5)
  A worm (D:2)
  3 dart slugs
  A leopard gecko (D:4)
  8 orcs
  6 bats
  8 giant cockroaches
  4 goblins
  2 hobgoblins
  6 kobolds
  2 frilled lizards
  A jackal skeleton (D:4)
  A quokka skeleton (D:2)
  6 rats
65 creatures vanquished.

Vanquished Creatures (others)
  46 plants (D:3)
46 creatures vanquished.

Grand Total: 111 creatures vanquished

Notes
Turn   | Place    | Note
-------+----------+-------------------------------------------
     0 | D:1      | Ijustatesigmund the Octopode Fighter began the quest for
                  | the Orb.
     0 | D:1      | Reached XP level 1. HP: 16/16 MP: 1/1
   167 | D:1      | Reached XP level 2. HP: 21/21 MP: 2/2
   694 | D:2      | Reached skill level 3 in Maces & Flails
   694 | D:2      | Reached XP level 3. HP: 26/26 MP: 3/3
  1098 | D:2      | Found a shadowy altar of Dithmenos.
  1316 | D:3      | Reached XP level 4. HP: 32/32 MP: 4/4
  1598 | D:3      | HP: 1/32 [orc priest/+0 short sword (3)]
  1600 | D:3      | Reached skill level 4 in Maces & Flails
  2207 | D:3      | Reached XP level 5. HP: 37/37 MP: 5/5
  2749 | D:4      | Reached skill level 5 in Maces & Flails
  2826 | D:4      | Reached XP level 6. HP: 43/44 MP: 6/6
  2908 | D:4      | Found an iron altar of Okawaru.
  2959 | D:4      | Found a shadowy altar of Dithmenos.
  2959 | D:4      | Found a blossoming altar of Fedhas.
  2967 | D:4      | Found a burning altar of Makhleb.
  2969 | D:4      | Found a broken altar of Ashenzari.
  2971 | D:4      | Found an ancient bone altar of Kikubaaqudgha.
  3046 | D:4      | Noticed a phantom
  3060 | D:4      | Killed a phantom
  3318 | D:5      | Entered Level 5 of the Dungeon
  3523 | D:5      | Reached skill level 6 in Maces & Flails
  3525 | D:5      | Reached XP level 7. HP: 41/49 MP: 7/7
  3527 | D:5      | Reached skill level 5 in Fighting
  3532 | D:5      | HP: 2/75 [ogre/+0 giant club (18)]
  3534 | D:5      | Mangled by an ogre

Illustrated notes

Levels and vault maps discovered:
D:1:      minmay_arrival_radiant_lines, layout_loops_ring, minmay_misc_feat_chi
D:2:      layout_basic, grunt_dithmenos_smoke_and_mirrors
D:3:      layout_loops_ring, serial_bayou, serial_bayou_lagoon_a,
          serial_bayou_shore_a, serial_bayou_crossing, serial_bayou_pond_c
D:4:      layout_rooms, chequers_temple_overflow_minitemple, okawaru_gym_becter
D:5:      layout_loops_ring, serial_shops, shop_coins, hangedman_decor_growths,
          uniq_duvessa

Skill      XL: |  1  2  3  4  5  6  7 |
---------------+----------------------+-----
Maces & Flails | 3 4 5 6 |  6.1
Fighting       | 4 5 |  5.0
Dodging        | |  3.0
Shields        | |  3.0

Action                   |  1- 3 |  4- 6 |  7- 9 || total
-------------------------+-------+-------+-------++-------
Melee: Flail             |    50 |    60 |     6 ||   116
       Constrict         |    15 |    19 |       ||    34
       Tentacles         |    10 |    13 |       ||    23
       Morningstar       |       |    16 |       ||    16
  Use: Scroll            |     3 |     5 |       ||     8
       Potion            |       |       |     2 ||     2
 Stab: Sleeping          |     7 |     2 |       ||     9
       Distracted        |     1 |     1 |       ||     2
Armor: Skin              |     3 |     5 |       ||     8
Dodge: Dodged            |    18 |    18 |     1 ||    37
Block: Kite shield       |    23 |    33 |     2 ||    58
